 Dungeon Crawl Stone Soup version 0.31-a0-188-g5e087ee2ca (webtiles) character file.

Game seed: 6979576602794249619

96 qw the Shooter (level 4, 0/25 HPs)
             Began as a Deep Elf Hunter on June 22, 2023.
             Hit by a stone thrown by a goblin (2 damage)
             ... on level 2 of the Dungeon.
             The game lasted 00:00:26 (1010 turns).

qw the Shooter (Deep Elf Hunter)                    Turns: 1010, Time: 00:00:27

Health: 0/25       AC:  5    Str: 10    XL:     4   Next: 41%
Magic:  6/6        EV: 11    Int: 14    God:
Gold:   94         SH:  0    Dex: 18    Spells: 3/3 levels left

rFire   . . .        Y - +0 shortbow
rCold   . . .        (shield currently unavailable)
rNeg    . . .        g - +0 ring mail
rPois   .            (no helmet)
rElec   .            (no cloak)
rCorr   .            (no gloves)
SInv    .            (no boots)
Will    .....        (no amulet)
Stlth   +            (no ring)
HPRegen 0.24/turn    (no ring)
MPRegen 0.10/turn

%: no passive effects
@: no status effects
A: no striking features
a: no special abilities


You were on level 2 of the Dungeon.
You visited 1 branch of the dungeon, and saw 2 of its levels.

You collected 94 gold pieces.


   Skills:
 - Level 1.5 Fighting
 + Level 7.8 Ranged Weapons
 - Level 2.4 Dodging
 - Level 1.2 Stealth


You had 3 spell levels left.
You didn't know any spells.
Your spell library was empty.

Inventory:

Hand Weapons
 Y - a +0 shortbow (weapon)
Armour
 b - the scarf of Emnyupp {rC+ rF+, rPois rN+ Will- Regen+}
   (You found it on level 2 of the Dungeon)

   rPois:     It protects you from poison.
   rN:        It protects you from negative energy.
   Regen:     It increases your rate of health regeneration.
   Will:      It decreases your willpower.
 g - a +0 ring mail (worn)
Jewellery
 c - a ring of flight
Scrolls
 e - 2 scrolls of identify
 h - a scroll of fear {unknown}
 j - a scroll of fog {unknown}
Potions
 a - 2 potions of invisibility {unknown}
 d - a potion of haste {unknown}
 f - a potion of degeneration {unknown}
 i - a potion of cancellation {unknown}

Dungeon Overview and Level Annotations

Branches:
Dungeon (2/15)

Altars:

Shops:
D:2 (


Message History

You shoot an arrow.
The arrow hits the gnoll but does no damage.
A gnoll comes into view.
It is wielding a +0 halberd and quivering boomerangs of dispersal.
You shoot an arrow. The gnoll shouts!
The arrow hits the gnoll but does no damage.
You shoot an arrow. The arrow closely misses the gnoll.
You shoot an arrow. The arrow hits the gnoll!
The gnoll is severely wounded.
The gnoll hits you with a +0 whip.
You shoot an arrow. The arrow hits the gnoll.
You kill the gnoll!
The gnoll barely misses you.
You shoot an arrow. The arrow hits the gnoll.
The gnoll is moderately wounded.
The gnoll hits you but does no damage. The gnoll closely misses you.
A goblin comes into view. It is wielding a +0 club.
The gnoll closely misses you.
You shoot an arrow. The arrow barely misses the gnoll.
The gnoll hits you with a +0 club.
The gnoll throws a boomerang of dispersal.
The boomerang of dispersal barely misses you.
You shoot an arrow. The arrow hits the gnoll.
The gnoll is heavily wounded.
The gnoll hits you with a +0 club.
The gnoll hits you from afar with a +0 halberd!
You shoot an arrow. The arrow hits the gnoll!
You kill the gnoll!
The gnoll hits you from afar with a +0 halberd.
You shoot an arrow. The arrow hits the gnoll.
The gnoll is moderately wounded.
The gnoll throws a boomerang of dispersal.
The boomerang of dispersal closely misses you.
You shoot an arrow.
The arrow hits the gnoll but does no damage.
The gnoll is moderately wounded.
The gnoll throws a boomerang of dispersal.
The boomerang of dispersal hits you.
You blink.
The goblin throws a stone.
The stone hits you.
You die...

##...##
#..............
#....#
#........#....%
##..%#
#........#.....
#...##
#..............
##...#
#...>....#...#.
#.)ยค#*
#........######
#...)# #........#
#
#..g.####..%#####
## #..g.@#.....#
#. #.....###...#
#. #...._# #.#.##
#. #.....#*#.#..#
##.
##....#*..##.#
#..
#...##..#*#.##
###.. *#...*.##*
#..####....
*...###*
##.##...##.
**,,,* #.##.##...


You could see a gnoll and a goblin.

Vanquished Creatures
  3 adders (D:2)
  3 gnolls (D:2)
  2 worms (D:2)
  A dart slug (D:2)
  An endoplasm (D:2)
  2 giant cockroaches (D:2)
  2 goblins
  A hobgoblin (D:1)
  5 jackals
  A quokka (D:2)
  4 ball pythons
  A bat (D:1)
  3 frilled lizards
  2 kobolds (D:2)
  2 rats
33 creatures vanquished.

Notes
Turn   | Place    | Note
-------+----------+-------------------------------------------
     0 | D:1      | qw the Deep Elf Hunter began the quest for the Orb.
     0 | D:1      | Reached XP level 1. HP: 12/12 MP: 3/3
     0 | D:1      | 0 ||| qw: Version: 0.3-a-9-g12657ce
     0 | D:1      | 0 ||| qw: Game counter: 3012
     0 | D:1      | 0 ||| qw: Always use a shield: true
     0 | D:1      | 0 ||| qw: God list: Okawaru
     0 | D:1      | 0 ||| qw: Allow faded altars: false
     0 | D:1      | 0 ||| qw: Do Orc after D:15 true
     0 | D:1      | 0 ||| qw: Do second Lair branch before Depths: true
     0 | D:1      | 0 ||| qw: Lair rune preference: random
     0 | D:1      | 0 ||| qw: Plans: Normal
     0 | D:1      | 0 ||| PLANNING D:1-11
   336 | D:1      | You fall into a shaft and drop 1 floor!
   337 | D:2      | 337 ||| UPGRADING to +0 ring mail.
   347 | D:2      | 347 ||| DROPPING +0 leather armour.
   348 | D:2      | 348 ||| READING scroll labelled HUMNICI MOXEPS.
   349 | D:2      | 349 ||| READING 2 scrolls labelled UHUILOGATT.
   350 | D:2      | 350 ||| READING scroll labelled ULISIKO ACZOE.
   351 | D:2      | 351 ||| DROPPING scroll of butterflies.
   475 | D:1      | Reached XP level 2. HP: 14/16 MP: 4/4
   521 | D:1      | Reached skill level 6 in Ranged Weapons
   680 | D:2      | Identified the scarf of Emnyupp {rC+ rF+, rPois rN+ Will-
                  | Regen+}
   716 | D:2      | Reached XP level 3. HP: 20/20 MP: 5/5
   748 | D:2      | Reached skill level 7 in Ranged Weapons
   753 | D:2      | Found Bosoim's Weapon Emporium.
   991 | D:2      | Reached XP level 4. HP: 25/25 MP: 6/6
   995 | D:2      | Found a faded altar of an unknown god.
  1008 | D:2      | HP: 6/25 [gnoll/+0 halberd (5)]
  1010 | D:2      | HP: 2/25 [gnoll/boomerang of dispersal (4)]
  1010 | D:2      | Hit by a stone thrown by a goblin

Levels and vault maps discovered:
D:1:      pf_arrival_petrified_forest, layout_basic, solitary_fountain
D:2:      layout_rooms, hellmonk_ecumenical_altar_zigzags, serial_shops, shop

Skill      XL: |  1  2  3 |
---------------+----------+-----
Ranged Weapons | 6 7 |  7.8
Fighting       | |  1.5
Dodging        | |  2.4
Stealth        | |  1.2

Action                     |  1- 3 |  4- 6 || total
---------------------------+-------+-------++-------
   Fire: Shortbow          |    91 |    13 ||   104
    Use: Scroll            |     3 |       ||     3
 Armour: Ring mail         |    14 |     1 ||    15
  Dodge: Dodged            |     8 |     5 ||    13

Table legend:
 A = Non-vault XP
 B = Vault XP
 C = Vault XP percentage of total XP
 D = Non-vault monster count
 E = Vault monster count
 F = Vault count percentage of total count
                 A         B        C        D         E       F
            +---------+---------+-------+---------+---------+-------
      Total |     138 |       0 |   0.0 |      33 |       0 |   0.0
            +---------+---------+-------+---------+---------+-------
        D:1 |      14 |       0 |   0.0 |      10 |       0 |   0.0
        D:2 |     124 |       0 |   0.0 |      23 |       0 |   0.0
            +---------+---------+-------+---------+---------+-------
